 Dungeon Crawl Stone Soup version 0.18.1-50-g88ac8fd (webtiles) character file.

8234 lorenzova the Grappler (level 11, -3/94 HPs)
             Began as a Troll Monk on Oct 13, 2016.
             Was an Elder of Qazlal.
             Killed by divine providence
             ... invoked by an orc priest
              (9 damage)
             ... on level 11 of the Dungeon.
             The game lasted 00:21:09 (9450 turns).

lorenzova the Grappler (Troll Monk)                 Turns: 9450, Time: 00:21:10

Health: -3/94      AC:  6    Str: 26    XL:     11   Next: 7%
Magic:  10/10      EV: 11    Int: 11    God:    Qazlal [****..]
Gold:   565        SH:  5    Dex: 18    Spells: 0 memorised, 10 levels left

rFire  . . .     SeeInvis .       - Unarmed
rCold  . . .     Gourm    +     H - +1 robe of Peek-a-Boo {Str+4 Int+4 Dex+3 Stlth+}
rNeg   . . .     Faith    .     (no shield)
rPois  .         Spirit   .     (helmet restricted)
rElec  .         Dismiss  .     w - +0 cloak
rCorr  .         Reflect  .     (gloves unavailable)
SustAt +         Harm     .     (boots unavailable)
MR     .....                    (no amulet)
Stlth  ++........               I - ring of sustain attributes
                                l - +2 ring of dexterity

@: repel missiles, not resistant to hostile enchantments, unstealthy
A: unfitting armour, claws 3, blink, deformed body, deterioration 1, fast
metabolism 3, gourmand, regeneration 2, shaggy fur 1, tough skin 2
a: Blink, Upheaval, Elemental Force, Renounce Religion


You were on level 11 of the Dungeon.
You worshipped Qazlal.
Qazlal was greatly pleased with you.
You were not hungry.

You visited 2 branches of the dungeon, and saw 12 of its levels.

You collected 565 gold pieces.

Inventory:

Hand Weapons
 h - a +7 club
Missiles
 n - a throwing net (quivered)
Armour
 a - a +1 robe
 g - a +2 robe of cold resistance
 w - a +0 cloak (worn)
 H - the +1 robe of Peek-a-Boo (worn) {Str+4 Int+4 Dex+3 Stlth+}
   (You took it off an orc on level 10 of the Dungeon)

   It affects your strength (+4).
   It affects your intelligence (+4).
   It affects your dexterity (+3).
   It makes you more stealthy.
Jewellery
 l - a +2 ring of dexterity (left claw)
 z - an uncursed ring of stealth
 D - an uncursed ring of protection from cold
 G - an uncursed ring of protection from fire
 I - a ring of sustain attributes (right claw)
Wands
 t - a wand of random effects (30/48)
 y - a wand of acid (8/15)
 A - a wand of acid (6/15)
 B - a wand of heal wounds (3/9)
 C - a wand of heal wounds (2/9)
 E - a wand of digging (12/24)
Scrolls
 d - 2 scrolls of enchant armour
 e - 3 scrolls of remove curse
 i - a scroll of silence {unknown}
 k - 5 scrolls of teleportation
 m - 2 scrolls of enchant weapon {unknown}
 o - a scroll of blinking {unknown}
 p - a scroll of random uselessness
 q - a scroll of identify
 r - 2 scrolls of amnesia {unknown}
 v - a scroll of fog {unknown}
 F - 2 scrolls of recharging {unknown}
Potions
 j - 4 potions of curing
 u - a potion of mutation
 x - a potion of heal wounds
 J - a potion of haste
Comestibles
 b - 7 bread rations
 c - 6 meat rations
 f - 6 fruits
 s - 2 beef jerkies


   Skills:
 - Level 2.4 Fighting
 - Level 11.1 Throwing
 - Level 2.4 Dodging
 - Level 1.1 Stealth
 + Level 12.4 Unarmed Combat
 * Level 0.3 Invocations
 * Level 0.2 Evocations


You had 10 spell levels left.
You didn't know any spells.

Dungeon Overview and Level Annotations

Branches:
Dungeon (11/15)            Temple (1/1) D:4            Lair (0/8) D:9
    Orc: D:9-12

Altars:
Ashenzari
Cheibriados
Dithmenos
Elyvilon
Fedhas
Gozag
Kikubaaqudgha
Makhleb
Nemelex Xobeh
Okawaru
Pakellas
Qazlal
Ru
Sif Muna
Trog
Vehumet
Xom
Yredelemnul
Zin
The Shining One

Portals:
Trove: D:10 (give 15 scrolls of teleportation)

Annotations:
D:11 Urug


Innate Abilities, Weirdness & Mutations

You are too large for most types of armour.
You have claws for hands.
Your metabolism is lightning-fast.
You like to eat raw meat.
You heal very quickly.
You are covered in fur (AC +1).
You have very tough skin (AC +2).
You can translocate small distances at will.
Armour fits poorly on your strangely shaped body.
Your body sometimes deteriorates upon taking damage.


Message History

The orc priest completely misses you. Urug hits you but does no damage.
You barely miss Urug.
Urug is severely wounded.
The orc priest barely misses you. Urug hits you with a great mace!
* * * LOW HITPOINT WARNING * * *
An orc warrior comes into view. It is wielding a dire flail of venom.
You are too injured to fight recklessly!
You are too injured to fight recklessly!
You are too injured to fight recklessly!
An orc comes into view.
The orc shouts!
Urug throws a javelin.
The javelin hits you!!
* * * LOW HITPOINT WARNING * * *
Your body deteriorates!
You feel dopey for a moment.
You see here a javelin.
Urug throws a javelin.
The javelin barely misses you.
The orc priest invokes the aid of Beogh against you.
Beogh smites you!
You die...

#.............#
#.............#
#.............#
#.............#
#######.#######
#.# ###.###
#...§.# #..@§.#
#....(# #§o§§.#
#...§.# #.§o..#
#...§.# #..o(.#
#.oo..# #(....#


You could see Urug, 2 orc warriors, an orc priest and an orc.

Vanquished Creatures
  Maud (D:10)
  A hill giant (D:10)
  Joseph (D:9)
  A gargoyle (D:10)
  4 trolls
  Grum (D:10)
  3 hippogriffs
  An orc warrior (D:9)
  A wasp (D:9)
  A phantom (D:11)
  2 black bears
  4 ice beasts
  5 ogres
  3 sky beasts (D:9)
  A centaur (D:8)
  3 wolves (D:10)
  A big kobold (D:6)
  8 giant frogs
  3 scorpions
  A water moccasin skeleton (D:9)
  4 killer bees (D:8)
  13 wights
  7 howler monkeys
  A giant frog zombie (D:8)
  2 crimson imps
  7 orc wizards
  3 giant frog skeletons
  3 orc priests
  2 hounds (D:4)
  3 iguanas
  Ijyb (D:2)
  2 worker ants (D:6)
  2 worker ant zombies (D:5)
  8 gnolls
  20 adders
  2 shadow imps
  An ooze (D:2)
  2 adder skeletons
  An adder zombie (D:7)
  2 worms
  2 dart slugs
  3 giant geckos
  28 orcs
  4 ball pythons
  4 giant cockroaches
  10 goblins
  3 hobgoblins
  3 jackals (D:10)
  6 quokkas
  4 bats
  A giant gecko skeleton (D:4)
  4 giant newts
  15 kobolds
  6 rats
225 creatures vanquished.

Notes
Turn   | Place    | Note
--------------------------------------------------------------
     0 | D:1      | lorenzova the Troll Monk began the quest for the Orb.
     0 | D:1      | Reached XP level 1. HP: 22/22 MP: 0/0
   510 | D:1      | Reached skill level 1 in Throwing
   510 | D:1      | Reached XP level 2. HP: 29/29 MP: 1/1
   890 | D:2      | Noticed Ijyb
   911 | D:2      | Killed Ijyb
   911 | D:2      | Reached XP level 3. HP: 16/36 MP: 2/2
   985 | D:2      | Found an oddly glowing altar of Pakellas.
  1127 | D:1      | Reached XP level 4. HP: 25/44 MP: 3/3
  1444 | D:2      | Reached skill level 5 in Unarmed Combat
  1455 | D:2      | Reached XP level 5. HP: 39/50 MP: 4/4
  2206 | D:3      | Reached XP level 6. HP: 56/59 MP: 5/5
  2297 | D:3      | Found a faded altar to an unknown god.
  2357 | D:3      | Found a snail-covered altar of Cheibriados.
  2369 | D:3      | Reached skill level 6 in Unarmed Combat
  3172 | D:4      | Reached XP level 7. HP: 66/66 MP: 6/6
  3206 | D:4      | Found a glowing golden altar of the Shining One.
  3270 | D:4      | Reached skill level 5 in Throwing
  3270 | D:4      | Reached skill level 7 in Unarmed Combat
  3305 | D:4      | Found a staircase to the Ecumenical Temple.
  3523 | Temple   | Entered the Ecumenical Temple
  3776 | Temple   | Became a worshipper of Qazlal Stormbringer
  3776 | Temple   | Reached * piety under Qazlal
  3776 | Temple   | Reached ** piety under Qazlal
  4020 | D:5      | Entered Level 5 of the Dungeon
  4657 | D:5      | Reached XP level 8. HP: 74/74 MP: 7/7
  4991 | D:6      | Reached skill level 8 in Unarmed Combat
  5115 | D:6      | Found a burning altar of Makhleb.
  5236 | D:7      | Found an opulent altar of Gozag.
  5429 | D:7      | Reached *** piety under Qazlal
  5981 | D:8      | Reached skill level 9 in Unarmed Combat
  5995 | D:8      | Gained mutation: You can translocate small distances at will. [potion of mutation]
  5995 | D:8      | Gained mutation: Armour fits poorly on your strangely shaped body. [potion of mutation]
  5995 | D:8      | Gained mutation: Your body sometimes deteriorates upon taking damage. [potion of mutation]
  6262 | D:8      | Reached XP level 9. HP: 44/80 MP: 8/8
  6344 | D:8      | Found a bloodstained altar of Trog.
  6734 | D:8      | Found a shimmering altar of Xom.
  6736 | D:8      | Found a shadowy altar of Dithmenos.
  6928 | D:8      | Found an ancient bone altar of Kikubaaqudgha.
  7002 | D:9      | Noticed Joseph
  7015 | D:9      | Killed Joseph
  7015 | D:9      | Reached skill level 10 in Unarmed Combat
  7139 | D:9      | Found a staircase to the Lair.
  7254 | D:9      | Reached **** piety under Qazlal
  7467 | D:9      | Noticed a troll
  7474 | D:9      | Killed a troll
  7474 | D:9      | Reached XP level 10. HP: 41/88 MP: 9/9
  7576 | D:9      | Found a white marble altar of Elyvilon.
  7576 | D:9      | Found a deep blue altar of Sif Muna.
  7728 | D:9      | Found a sacrificial altar of Ru.
  7839 | D:9      | Reached skill level 11 in Unarmed Combat
  8052 | D:10     | Entered Level 10 of the Dungeon
  8373 | D:10     | Reached skill level 10 in Throwing
  8412 | D:10     | Noticed Maud
  8418 | D:10     | Noticed a gargoyle
  8440 | D:10     | Killed Maud
  8657 | D:10     | Reached skill level 12 in Unarmed Combat
  8668 | D:10     | Noticed Grum
  8674 | D:10     | Killed Grum
  8753 | D:10     | Got a fabulously ornate robe
  8776 | D:10     | Identified the +1 robe of Peek-a-Boo {Str+4 Int+4 Dex+3 Stlth+} (You took it off an orc on level 10 of the Dungeon)
  8904 | D:10     | Killed a gargoyle
  9246 | D:10     | Noticed a hill giant
  9250 | D:10     | Killed a hill giant
  9250 | D:10     | Reached XP level 11. HP: 80/94 MP: 10/10
  9328 | D:10     | Found a portal to a secret trove of treasure.
  9426 | D:11     | Noticed Urug
  9443 | D:11     | HP: 2/94 [Urug/javelin (22)]
  9450 | D:11     | Killed from afar by an orc priest

Skill      XL: |  1  2  3  4  5  6  7  8  9 10 |
---------------+-------------------------------+-----
Throwing       | 1 2 3 4 5 7 9 11 | 11.1
Unarmed Combat | 5 6 7 9 10 12 | 12.4
Fighting       | |  2.4
Dodging        | |  2.4
Stealth        | |  1.1
Invocations    | |  0.3
Evocations     | |  0.2

Action                   |  1- 3 |  4- 6 |  7- 9 | 10-12 || total
-------------------------+-------+-------+-------+-------++-------
Melee: Unarmed           |    61 |   166 |   330 |   163 ||   720
       Club              |     8 |       |       |       ||     8
       Punch             |       |     4 |    10 |    11 ||    25
 Abil: Blink             |       |       |       |     1 ||     1
  Use: Scroll            |       |     2 |       |     7 ||     9
       Potion            |       |       |     6 |     1 ||     7
 Stab: Sleeping          |     2 |     2 |       |       ||     4
       Distracted        |       |     1 |       |       ||     1
  Eat: Chunk             |     7 |    23 |    40 |    14 ||    84
       Beef jerky        |       |       |     1 |       ||     1
Armor: Robe              |     8 |    49 |    89 |    39 ||   185
Dodge: Dodged            |    32 |    71 |   142 |    68 ||   313
       Deflected         |       |       |       |     3 ||     3
Block: Other             |       |       |    42 |    32 ||    74
